[Event "Titled Tuesday Blitz November 07 Early 2023"]
[White "Skvortsov, Andrei"]
[Black "Sychev, Klementy"]
[WhiteFideId "24108600"]
[BlackFideId "4114060"]
[WhiteElo "2673"]
[BlackElo "2845"]
[Result "0-1"]
[Round "6"]
[TimeControl "180+1"]
[Date "2023.11.07"]
[WhiteClock "0:00:05"]
[BlackClock "0:00:05"]
[Board "30"]

1. e4 a6 2. Nf3 c6 3. d4 d5 4. Nbd2 Bg4 5. c3 e6 6. Qb3 Qc7 7. Ne5 Bh5 8. Nd3 Nd7 9. exd5 exd5 10. Nf3 Bxf3 11. gxf3 Bd6 12. Be3 O-O-O 13. h4 Ne7 14. Bh3 f5 15. f4 Rhf8 16. h5 Nf6 17. Ne5 Nxh5 18. O-O-O g6 19. Rdg1 Kb8 20. Bf1 Ka8 21. Qa4 Nf6 22. b4 Kb8 23. Rh4 Nh5 24. Be2 Nf6 25. Kb2 Rc8 26. Rgh1 h5 27. f3 Rg8 28. Rg1 Rg7 29. Bd3 Rcg8 30. Rh3 Nd7 31. Rhg3 Nf8 32. R3g2 Ne6 33. Bd2 Kc8 34. Qd1 Kb8 35. Qe2 Bxe5 36. dxe5 c5 37. Bc2 cxb4 38. Qd3 bxc3+ 39. Qxc3 Qb6+ 40. Bb3 Rc8 41. Qe3 d4 42. Qe2 Nd5 43. Rc1 Rxc1 44. Kxc1 Ndxf4 45. Qf2 Rc7+ 46. Kb1 Nxg2 47. Qxg2 Qc6 48. Qxg6 Ka8 49. Qxe6 Qxf3 50. Qd6 Qd3+ 51. Ka1 Rc6 52. Qd8+ Ka7 53. Ba5 Qf1+ 54. Kb2 Qc1# 0-1


[Site "https://www.chess.com"]

[Event "Titled Tuesday Blitz November 07 Early 2023"]
[White "Rustemov, Alexander"]
[Black "Matinian, Nikita"]
[WhiteFideId "4119002"]
[BlackFideId "24129100"]
[WhiteElo "2845"]
[BlackElo "2665"]
[Result "0-1"]
[Round "6"]
[TimeControl "180+1"]
[Date "2023.11.07"]
[WhiteClock "0:00:07"]
[BlackClock "0:00:10"]
[Board "31"]

1. d4 Nf6 2. Bg5 d5 3. Nd2 c5 4. Bxf6 gxf6 5. dxc5 e5 6. e4 Bxc5 7. Qh5 Qb6 8. O-O-O Bxf2 9. Ngf3 Nc6 10. exd5 Nb4 11. Bc4 Rf8 12. a3 Na6 13. Kb1 Bd7 14. Ne4 O-O-O 15. d6 Bc5 16. Bxa6 Bxa3 17. Bxb7+ Kxb7 18. b3 Be6 19. Nfd2 f5 20. Nc3 Rxd6 21. Qe2 Rfd8 22. Na4 Qb4 23. c3 Rxd2 24. cxb4 Rxe2 25. Rxd8 Bxb4 26. Rhd1 Bxb3 27. R1d7+ Kc6 28. Nb2 Re1+ 29. Nd1 Ba5 30. Kb2 Bxd8 31. Rxd8 Bxd1 32. Rf8 Bh5 33. g3 Bg6 34. Kc3 Re3+ 35. Kd2 Ra3 36. Ra8 Ra2+ 37. Kc3 Rxh2 38. Rxa7 Rh3 39. Kd2 Rxg3 40. Ke2 f4 41. Kf2 Kd5 42. Ra5+ Ke4 43. Ra6 Kf5 44. Ra5 h5 45. Ra6 h4 46. Ra5 h3 47. Ra1 Rg2+ 48. Kf1 f3 49. Ra8 h2 50. Rh8 Rg1+ 51. Kf2 h1=Q 52. Rxh1 Rxh1 53. Kxf3 Ra1 54. Ke3 Ra3+ 55. Kd2 Kf4 56. Ke2 Ra2+ 57. Kd1 Ke3 58. Kc1 Bd3 59. Kd1 Ra1# 0-1


[Site "https://www.chess.com"]

[Event "Titled Tuesday Blitz November 07 Early 2023"]
[White "Yanchenko, Roman"]
[Black "Volkov, Maksim"]
[WhiteFideId "4137329"]
[BlackFideId "54123070"]
[WhiteElo "2844"]
[BlackElo "2657"]
[Result "1-0"]
[Round "6"]
[TimeControl "180+1"]
[Date "2023.11.07"]
[WhiteClock "0:00:16"]
[BlackClock "0:00:06"]
[Board "32"]

1. d4 d5 2. c4 e6 3. Nc3 c6 4. Bf4 dxc4 5. a4 Bb4 6. e3 b5 7. axb5 Nf6 8. Bxc4 Nd5 9. Ne2 O-O 10. O-O Nxf4 11. Nxf4 Bb7 12. Qf3 Qc8 13. Qg3 Nd7 14. Ne4 cxb5 15. Nh5 g6 16. Nef6+ Nxf6 17. Nxf6+ Kh8 18. Bxb5 Rd8 19. Rac1 Qb8 20. Qh4 Kg7 21. Nd7 Qd6 22. Qf6+ Kg8 23. Ne5 Rf8 24. Bc6 Rab8 25. Bxb7 Rxb7 26. Rc6 Qd5 27. Rfc1 Be7 28. Qf4 Rxb2 29. Rc7 Bd6 30. Rxf7 Rbb8 31. Qf6 Rxf7 32. Qxf7+ Kh8 33. Qf6+ Kg8 34. Qf7+ Kh8 35. Qf4 Rf8 36. Nf7+ Kg7 37. Qxd6 Rxf7 38. Qxd5 exd5 39. f3 a5 40. Kf2 Ra7 41. Ke2 Kf6 42. Kd3 a4 43. Ra1 Ke6 44. Kc3 Rc7+ 45. Kb2 Rb7+ 46. Kc2 Rb3 47. Rxa4 Rxe3 48. Kd2 Rb3 49. Ra2 h5 50. Ke2 Kf5 51. Rd2 h4 52. Kf2 Kf4 53. g3+ hxg3+ 54. hxg3+ Kf5 55. Re2 Rd3 56. Re5+ Kf6 57. Rxd5 Ke6 58. Re5+ Kf6 59. Re4 Kf5 60. g4+ Kf6 61. Kg3 g5 62. Kf2 Kf7 63. Ke2 Ra3 64. d5 Ra5 65. Re5 Kf6 66. Rf5+ Kg6 67. Ke3 Ra4 68. d6 Ra6 69. Rd5 Ra8 70. d7 Rd8 71. Ke4 Kf7 72. Kf5 1-0


[Site "https://www.chess.com"]

[Event "Titled Tuesday Blitz November 07 Early 2023"]
[White "Beerdsen, Thomas"]
[Black "Adewumi, Tanitoluwa"]
[WhiteFideId "1030108"]
[BlackFideId "30966396"]
[WhiteElo "2844"]
[BlackElo "2643"]
[Result "0-1"]
[Round "6"]
[TimeControl "180+1"]
[Date "2023.11.07"]
[WhiteClock "0:00:31"]
[BlackClock "0:00:05"]
[Board "33"]

1. e4 c5 2. Nf3 e6 3. d4 cxd4 4. Bg5 Qb6 5. Qxd4 Qxd4 6. Nxd4 a6 7. Nd2 Nc6 8. Nxc6 bxc6 9. Nc4 Bc5 10. O-O-O d5 11. Na5 Bd7 12. f3 Ra7 13. Nb3 Bb6 14. c4 dxe4 15. c5 Bc7 16. fxe4 Nf6 17. Bd3 Ng4 18. Rhe1 f6 19. Bd2 Nf2 20. Bc4 Nxd1 21. Rxd1 Ke7 22. Na5 Rb8 23. Bc3 Be8 24. g3 Rb5 25. Bxb5 cxb5 26. e5 Bxa5 27. Bxa5 fxe5 28. Bd8+ Kf7 29. Rf1+ Kg6 30. b4 Rd7 31. Bb6 Rd4 32. a3 Bc6 33. Rf8 e4 34. Rc8 Bd5 35. Rf8 e3 36. Rf1 e2 37. Re1 Bf3 0-1


[Site "https://www.chess.com"]

[Event "Titled Tuesday Blitz November 07 Early 2023"]
[White "Nyzhnyk, Illya"]
[Black "Kalogeris, Ioannis"]
[WhiteFideId "14118084"]
[BlackFideId "4239563"]
[WhiteElo "2836"]
[BlackElo "2571"]
[Result "1-0"]
[Round "6"]
[TimeControl "180+1"]
[Date "2023.11.07"]
[WhiteClock "0:00:33"]
[BlackClock "0:00:00"]
[Board "34"]

1. d4 Nf6 2. Nf3 c6 3. c4 d5 4. Qc2 g6 5. g3 Bg7 6. Bg2 O-O 7. O-O Ne4 8. Nbd2 Nd6 9. Ne5 Nf5 10. e3 c5 11. cxd5 cxd4 12. exd4 Nxd4 13. Qe4 Nb5 14. Ndc4 Nd6 15. Qe2 Nd7 16. Re1 Nxe5 17. Nxe5 Re8 18. Bf4 Qb6 19. Rac1 h5 20. h3 Bf5 21. g4 hxg4 22. hxg4 Bc8 23. Bf3 e6 24. Nd3 e5 25. Be3 Qd8 26. Nc5 e4 27. Bg2 b6 28. Nb3 Be5 29. Bd4 Qh4 30. Bxe5 Rxe5 31. f3 Rg5 32. Qf2 Qxf2+ 33. Kxf2 exf3 34. Bxf3 Bxg4 35. Rg1 f5 36. Nd4 Rd8 37. Ne6 Bxf3 38. Rxg5 Ne4+ 39. Kxf3 Nxg5+ 40. Nxg5 Rxd5 41. Kf4 Rd2 42. Ke5 Kg7 43. Ne6+ 1-0


[Site "https://www.chess.com"]

[Event "Titled Tuesday Blitz November 07 Early 2023"]
[White "Goltsev, Dmitry"]
[Black "Deac, Bogdan-Daniel"]
[WhiteFideId "24176710"]
[BlackFideId "1226380"]
[WhiteElo "2757"]
[BlackElo "2986"]
[Result "0-1"]
[Round "6"]
[TimeControl "180+1"]
[Date "2023.11.07"]
[WhiteClock "0:00:24"]
[BlackClock "0:00:07"]
[Board "35"]

1. e4 c5 2. Nf3 e6 3. d4 cxd4 4. Nxd4 a6 5. Nc3 b5 6. a3 Bb7 7. Be3 Nf6 8. f3 h5 9. Be2 d6 10. Qd2 Nbd7 11. O-O Be7 12. Rad1 Rc8 13. Kh1 O-O 14. Bg5 Re8 15. Nb3 Qc7 16. Qf4 Ne5 17. Qh4 Ng6 18. Qh3 h4 19. Bd3 e5 20. g3 hxg3 21. hxg3 Nh7 22. Bxe7 Qxe7 23. f4 exf4 24. gxf4 Nf6 25. Rde1 d5 26. e5 d4+ 27. Ne4 Nxe4 28. Bxe4 Rxc2 29. Nxd4 Rc4 30. Nf5 Bxe4+ 31. Rxe4 Qb7 32. Nd6 Qc6 33. Qf3 Rxe4 34. Qxe4 Qxd6 35. Rg1 Qe6 36. Rg3 Qc4 37. Re3 Nxf4 38. Qxc4 bxc4 39. Re4 Nd3 40. Rxc4 Nxb2 41. Rc6 Rxe5 42. Rxa6 Nc4 43. a4 Ra5 44. Rc6 Rxa4 45. Rc8+ Kh7 46. Rc7 Ne5 47. Re7 f6 48. Rc7 Ra2 49. Rc3 Kh6 50. Rf3 Ng4 51. Rh3+ Kg5 52. Rd3 Nf2+ 0-1


[Site "https://www.chess.com"]

[Event "Titled Tuesday Blitz November 07 Early 2023"]
[White "Rasulov, Vugar"]
[Black "Rosen, Eric"]
[WhiteFideId "13402390"]
[BlackFideId "2032562"]
[WhiteElo "2968"]
[BlackElo "2746"]
[Result "1-0"]
[Round "6"]
[TimeControl "180+1"]
[Date "2023.11.07"]
[WhiteClock "0:00:21"]
[BlackClock "0:00:04"]
[Board "36"]

1. Nf3 d5 2. e3 Nf6 3. c4 e6 4. Nc3 b6 5. cxd5 exd5 6. g3 Bb7 7. d4 a6 8. Bh3 Bd6 9. O-O Nbd7 10. b3 Qe7 11. Bb2 O-O-O 12. a4 Kb8 13. Ne2 h5 14. Qc1 Ne4 15. Ba3 g5 16. Bxd6 Qxd6 17. Bf5 h4 18. g4 h3 19. a5 Qf6 20. axb6 cxb6 21. Ng3 Nd6 22. Qb2 Nf8 23. Ne5 Ng6 24. Rfc1 Nh4 25. Nc6+ Ka8 26. Qe2 b5 27. Nxd8 Rxd8 28. Rc7 Kb8 29. Rac1 Nhxf5 30. gxf5 Nxf5 31. Qf3 Rc8 32. Rxc8+ Bxc8 33. Rxc8+ Kxc8 34. Nxf5 Kb8 35. Qxh3 a5 36. Ng3 a4 37. bxa4 bxa4 38. Qd7 Qa6 39. Qd8+ Kb7 40. Qxd5+ Qc6 41. Qxf7+ Ka6 42. d5 Qb6 43. Qe8 g4 44. Qxa4+ Kb7 45. Qc6+ Ka7 46. Qxb6+ Ka8 47. Qb5 Ka7 48. d6 Ka8 49. d7 Ka7 50. e4 Ka8 51. d8=Q+ Ka7 52. Qdb8# 1-0


[Site "https://www.chess.com"]

[Event "Titled Tuesday Blitz November 07 Early 2023"]
[White "Orozbaev, Eldiar"]
[Black "Yeletsky, Ivan"]
[WhiteFideId "13802240"]
[BlackFideId "24180327"]
[WhiteElo "2733"]
[BlackElo "2943"]
[Result "1-0"]
[Round "6"]
[TimeControl "180+1"]
[Date "2023.11.07"]
[WhiteClock "0:00:47"]
[BlackClock "0:00:00"]
[Board "37"]

1. e4 Nf6 2. Nc3 d5 3. e5 d4 4. exf6 dxc3 5. fxe7 cxd2+ 6. Qxd2 Qxe7+ 7. Be2 Bg4 8. h3 Bh5 9. g4 Bg6 10. Nf3 Nd7 11. Qe3 O-O-O 12. O-O Kb8 13. Bc4 Nb6 14. Bb3 Nd5 15. Qd4 Qc5 16. Rd1 Qxd4 17. Rxd4 c6 18. c4 Bc5 19. cxd5 Bxd4 20. Nxd4 Rhe8 21. Bf4+ Ka8 22. Be3 cxd5 23. Nb5 Rd7 24. Rc1 1-0


[Site "https://www.chess.com"]

[Event "Titled Tuesday Blitz November 07 Early 2023"]
[White "Grigoriants, Sergey"]
[Black "Perez Gormaz, Matias"]
[WhiteFideId "4130804"]
[BlackFideId "3406342"]
[WhiteElo "2937"]
[BlackElo "2727"]
[Result "1-0"]
[Round "6"]
[TimeControl "180+1"]
[Date "2023.11.07"]
[WhiteClock "0:00:04"]
[BlackClock "0:00:03"]
[Board "38"]

1. d4 Nf6 2. c4 e6 3. Nf3 Bb4+ 4. Nbd2 b6 5. a3 Bxd2+ 6. Qxd2 a5 7. b3 Bb7 8. Bb2 d6 9. g3 Nbd7 10. Bg2 O-O 11. O-O c5 12. Rfd1 Qc7 13. Rac1 Rfd8 14. Qf4 cxd4 15. Nxd4 Bxg2 16. Kxg2 Nc5 17. Qf3 Qb7 18. Qxb7 Nxb7 19. Nb5 Ne8 20. Bd4 Nc5 21. Rc3 Kf8 22. Be3 Ke7 23. f3 Rdc8 24. Bg5+ f6 25. Be3 Nd7 26. Bf2 Nc5 27. g4 Nd7 28. h4 a4 29. b4 Rab8 30. Rdc1 e5 31. Rd3 e4 32. Re3 d5 33. Nc3 Nc7 34. cxd5 Kf7 35. Nxe4 Nb5 36. Rc6 Ne5 37. Nd6+ Nxd6 38. Rxd6 Rd8 39. Rxd8 Rxd8 40. Rc3 Rxd5 41. Bxb6 Rd2 42. Kf2 Ra2 43. Bd4 Ng6 44. Kg3 Ne7 45. Rc7 Ke6 46. e4 Rxa3 47. h5 Rb3 48. Bc5 Ng8 49. Rxg7 Nh6 50. Re7# 1-0


[Site "https://www.chess.com"]

[Event "Titled Tuesday Blitz November 07 Early 2023"]
[White "Darini, Pouria"]
[Black "Boros, Denes"]
[WhiteFideId "12502200"]
[BlackFideId "722340"]
[WhiteElo "2729"]
[BlackElo "2936"]
[Result "1/2-1/2"]
[Round "6"]
[TimeControl "180+1"]
[Date "2023.11.07"]
[WhiteClock "0:00:04"]
[BlackClock "0:01:36"]
[Board "39"]

1. e4 g6 2. d4 d5 3. exd5 Qxd5 4. c4 Qd8 5. Nc3 Bg7 6. h3 Nh6 7. Nf3 Nf5 8. d5 c6 9. g4 Nd6 10. c5 Nb5 11. Nxb5 cxb5 12. Bxb5+ Bd7 13. Bxd7+ Nxd7 14. Be3 Qa5+ 15. Qd2 Qxd2+ 16. Nxd2 Nf6 17. Bd4 Rd8 18. Bxf6 Bxf6 19. Ne4 Rxd5 20. Nxf6+ exf6 21. Rc1 Kd7 22. O-O Re8 23. Rfd1 Kc6 24. Rxd5 Kxd5 25. Kf1 a5 26. Rd1+ Kc6 27. Rd6+ Kxc5 28. Rxf6 Re7 29. Rf4 b5 30. a3 b4 31. axb4+ axb4 32. b3 g5 33. Rc4+ Kb5 34. Rd4 h6 35. Rd5+ Kc6 36. Rd4 Kc5 37. Rc4+ Kb5 38. Rd4 Re5 39. Kg2 f5 40. gxf5 Rxf5 41. Kg3 Rc5 42. Rd3 Rc3 43. Re3 Kc5 44. Kg4 Kd4 45. Re6 Rxb3 46. Rxh6 Rb1 47. Kxg5 b3 48. Rb6 b2 49. Kf5 Kc3 50. h4 Rf1 51. h5 Rxf2+ 52. Kg6 Rf4 53. Rxb2 Kxb2 54. h6 Rh4 55. h7 Rxh7 56. Kxh7 1/2-1/2


[Site "https://www.chess.com"]

[Event "Titled Tuesday Blitz November 07 Early 2023"]
[White "Halkias, Stelios"]
[Black "Harsh Suresh"]
[WhiteFideId "4201809"]
[BlackFideId "45018464"]
[WhiteElo "2718"]
[BlackElo "2935"]
[Result "1-0"]
[Round "6"]
[TimeControl "180+1"]
[Date "2023.11.07"]
[WhiteClock "0:00:09"]
[BlackClock "0:00:05"]
[Board "40"]

1. Nf3 d5 2. d4 Nf6 3. c4 c6 4. Nc3 e6 5. g3 dxc4 6. Bg2 b5 7. O-O a6 8. Bg5 Be7 9. Ne5 O-O 10. a4 b4 11. Nb1 a5 12. Nxc4 h6 13. Bxf6 Bxf6 14. e3 Ba6 15. Nbd2 Ra7 16. Rc1 Rd7 17. Qc2 e5 18. dxe5 Bxe5 19. Rfd1 Bf6 20. b3 Bc3 21. Ne4 Bxc4 22. bxc4 Be5 23. c5 Qe7 24. Bf1 Rfd8 25. Bc4 Bc7 26. Rxd7 Nxd7 27. Rd1 Ne5 28. Rxd8+ Bxd8 29. Bb3 Nf3+ 30. Kh1 Qd7 31. Qc4 Ne5 32. Qd4 Qh3 33. Qxd8+ Kh7 34. Qd1 Ng4 35. Qg1 Qh5 36. Bc2 Kh8 37. h4 Ne5 38. Qd1 Ng4 39. Qd8+ Kh7 40. Ng5# 1-0


[Site "https://www.chess.com"]

[Event "Titled Tuesday Blitz November 07 Early 2023"]
[White "Atakhan, Abtin"]
[Black "Rostovtsev, Dmitry"]
[WhiteFideId "22502203"]
[BlackFideId "34278320"]
[WhiteElo "2717"]
[BlackElo "2931"]
[Result "0-1"]
[Round "6"]
[TimeControl "180+1"]
[Date "2023.11.07"]
[WhiteClock "0:00:34"]
[BlackClock "0:00:14"]
[Board "41"]

1. Nf3 Nf6 2. c4 e6 3. Nc3 d5 4. d4 h6 5. Bf4 Bd6 6. Bxd6 Qxd6 7. e3 O-O 8. Rc1 Qe7 9. Bd3 dxc4 10. Bxc4 c5 11. dxc5 Qxc5 12. Bd3 Nc6 13. O-O Qe7 14. Na4 Rd8 15. Qe2 e5 16. Bb5 Bd7 17. Nc5 Be8 18. a3 a6 19. Bxc6 Bxc6 20. Rfd1 Rxd1+ 21. Qxd1 Rd8 22. Qe2 Bxf3 23. gxf3 e4 24. b4 Rd5 25. Rc4 exf3 26. Qxf3 a5 27. Rf4 axb4 28. axb4 b6 29. Nb3 Qd6 30. h4 Nd7 31. Rxf7 Qg6+ 0-1


[Site "https://www.chess.com"]

[Event "Titled Tuesday Blitz November 07 Early 2023"]
[White "Wagner, Dennis"]
[Black "Navara, David"]
[WhiteFideId "24650684"]
[BlackFideId "309095"]
[WhiteElo "2717"]
[BlackElo "2918"]
[Result "0-1"]
[Round "6"]
[TimeControl "180+1"]
[Date "2023.11.07"]
[WhiteClock "0:00:00"]
[BlackClock "0:01:34"]
[Board "42"]

1. d4 d5 2. c4 dxc4 3. Nf3 e6 4. e3 Nf6 5. Bxc4 c5 6. O-O a6 7. b3 Nbd7 8. Bb2 b6 9. Nbd2 Bb7 10. Re1 Be7 11. e4 b5 12. Bd3 cxd4 13. e5 Nd5 14. Nxd4 Nc5 15. Bf1 O-O 16. Qg4 h5 17. Qxh5 Nf4 18. Qg4 Nfd3 19. Bxd3 Nxd3 20. Re3 Nxb2 21. Rg3 g6 22. N2f3 Bxf3 23. Rxf3 Qd5 24. h4 Qxe5 0-1


[Site "https://www.chess.com"]

[Event "Titled Tuesday Blitz November 07 Early 2023"]
[White "Aradhya, Garg"]
[Black "Baskakov, Egor"]
[WhiteFideId "25006746"]
[BlackFideId "24197866"]
[WhiteElo "2700"]
[BlackElo "2916"]
[Result "1-0"]
[Round "6"]
[TimeControl "180+1"]
[Date "2023.11.07"]
[WhiteClock "0:02:14"]
[BlackClock "0:00:45"]
[Board "43"]

1. d4 Nf6 2. c4 e6 3. Nf3 d5 4. Nc3 Ne4 5. e3 Be7 6. Bd3 f5 7. Ne5 O-O 8. cxd5 Nxc3 9. bxc3 exd5 10. O-O c6 11. Rb1 Nd7 12. Nxd7 Qxd7 13. c4 dxc4 14. Bxc4+ Kh8 15. a4 Bd6 16. Bb2 f4 17. e4 f3 18. Re1 Bxh2+ 19. Kxh2 fxg2 20. Qh5 Rxf2 21. Kg1 Rf6 22. e5 Rh6 23. e6 Qe7 24. Qf7 Rh1+ 25. Kxg2 Qg5+ 26. Kxh1 Qh4+ 27. Kg2 Qg4+ 28. Kf2 Qh4+ 29. Ke2 Bxe6 30. Bxe6 Qh2+ 31. Qf2 Qh5+ 32. Kd3 1-0


[Site "https://www.chess.com"]

[Event "Titled Tuesday Blitz November 07 Early 2023"]
[White "AlmasRakhmatullaev"]
[Black "Lukovic, Vladimir"]
[BlackFideId "942952"]
[WhiteElo "2887"]
[BlackElo "2697"]
[Result "0-1"]
[Round "6"]
[TimeControl "180+1"]
[Date "2023.11.07"]
[WhiteClock "0:00:10"]
[BlackClock "0:01:17"]
[Board "44"]

1. e4 e6 2. d4 d5 3. Nc3 Bb4 4. Ne2 Nf6 5. a3 Bxc3+ 6. Nxc3 Nxe4 7. Nxe4 dxe4 8. Be3 O-O 9. g3 b6 10. Bg2 Bb7 11. c4 Nd7 12. Qg4 Nf6 13. Qh4 h6 14. Rd1 Qe7 15. g4 Nd5 16. Qxe7 Nxe7 17. Bf4 Rac8 18. h4 Ng6 19. Bg3 f5 20. h5 f4 21. hxg6 fxg3 22. fxg3 Rf6 23. d5 exd5 24. cxd5 Rxg6 25. O-O Re8 26. Rf4 e3 27. Re1 Rd6 28. Rf5 c6 29. Rf3 cxd5 30. Rfxe3 Rxe3 31. Rxe3 Kf7 32. Kf2 d4 33. Rd3 Bxg2 34. Kxg2 Ke6 35. Kf3 Kd5 36. b3 Rc6 37. Ke2 Rc2+ 38. Kd1 Rg2 39. Rf3 Ke4 40. Rf7 Rxg3 41. Rxg7 a5 42. Rg6 Rxb3 43. Rxh6 b5 44. Rh5 a4 45. Kc1 d3 46. g5 Kf5 47. Kd2 Kg6 48. Rh3 Rxa3 49. Rg3 Rb3 0-1


[Site "https://www.chess.com"]

[Event "Titled Tuesday Blitz November 07 Early 2023"]
[White "Golizadeh, Asghar"]
[Black "carokannlover213"]
[WhiteFideId "12505269"]
[WhiteElo "2854"]
[BlackElo "2693"]
[Result "1/2-1/2"]
[Round "6"]
[TimeControl "180+1"]
[Date "2023.11.07"]
[WhiteClock "0:00:06"]
[BlackClock "0:00:04"]
[Board "45"]

1. e4 c5 2. Nc3 d6 3. f4 g6 4. Nf3 Bg7 5. Bb5+ Bd7 6. Bc4 e6 7. d4 Qb6 8. d5 Qb4 9. Nd2 b5 10. a3 Qa5 11. dxe6 fxe6 12. e5 bxc4 13. Nxc4 Qa6 14. Nxd6+ Kf8 15. Be3 Qc6 16. O-O Ne7 17. Nce4 Na6 18. c4 Nf5 19. Bf2 Nxd6 20. Nxd6 Kg8 21. Qg4 Bf8 22. Rad1 Nc7 23. h4 Ne8 24. Ne4 Qxe4 25. Rxd7 Qf5 26. Qf3 Rb8 27. b3 Qc2 28. Qc6 Ng7 29. Rfd1 Rxb3 30. Bxc5 Rb1 31. Rxb1 Qxb1+ 32. Kh2 Qe1 33. g3 Qe2+ 34. Kh3 Qf1+ 35. Kh2 Qe2+ 36. Kh3 Qf1+ 37. Kh2 Qe2+ 1/2-1/2


[Site "https://www.chess.com"]

[Event "Titled Tuesday Blitz November 07 Early 2023"]
[White "Perdomo, Leandro"]
[Black "Timofeev, Artyom"]
[WhiteFideId "109746"]
[BlackFideId "4140419"]
[WhiteElo "2682"]
[BlackElo "2852"]
[Result "1-0"]
[Round "6"]
[TimeControl "180+1"]
[Date "2023.11.07"]
[WhiteClock "0:00:17"]
[BlackClock "0:00:11"]
[Board "46"]

1. d4 c6 2. c4 Nf6 3. Nc3 d5 4. cxd5 cxd5 5. Bf4 Nc6 6. e3 Bg4 7. Qb3 Na5 8. Qa4+ Bd7 9. Bb5 e6 10. Nf3 a6 11. Bxd7+ Nxd7 12. O-O Be7 13. Rfc1 Nc6 14. e4 dxe4 15. Nxe4 O-O 16. Qd1 Nb6 17. Nc5 Nd5 18. Bg3 Bxc5 19. dxc5 Qf6 20. Qe2 a5 21. Rc4 Rfd8 22. Bh4 Qf5 23. Bxd8 Rxd8 24. Rd1 h6 25. Qe4 Qf6 26. Rc2 Ncb4 27. Rcd2 Nxa2 28. Qa4 Nab4 29. Qxa5 Nc6 30. Qb5 Rb8 31. Qb3 b6 32. Qb5 Nce7 33. c6 Rc8 34. Rc2 Rc7 35. h3 h5 36. Rdc1 g5 37. Qe2 Ng6 38. Qe4 b5 39. g3 b4 40. Kg2 b3 41. Rd2 Kh7 42. h4 gxh4 43. Nxh4 Nf4+ 44. gxf4 Qxh4 45. Rh1 Qg4+ 46. Kf1 Kg7 47. Rg1 Qh4 48. Qe5+ Kh6 49. Qxc7 Qh3+ 50. Ke1 Qf3 51. Qb6 Qe4+ 52. Qe3 Qb1+ 53. Rd1 Qxb2 54. f5+ 1-0


[Site "https://www.chess.com"]

[Event "Titled Tuesday Blitz November 07 Early 2023"]
[White "Klukin, Kirill"]
[Black "Mgeladze, Tamaz"]
[WhiteFideId "24199273"]
[BlackFideId "13601202"]
[WhiteElo "2848"]
[BlackElo "2676"]
[Result "1-0"]
[Round "6"]
[TimeControl "180+1"]
[Date "2023.11.07"]
[WhiteClock "0:00:14"]
[BlackClock "0:00:25"]
[Board "47"]

1. d4 Nf6 2. Nf3 g6 3. e3 Bg7 4. Be2 O-O 5. O-O c5 6. dxc5 Qc7 7. a3 Qxc5 8. b4 Qc7 9. Bb2 d6 10. c4 a5 11. Nc3 Nc6 12. Qb3 Qb6 13. Nd5 Nxd5 14. cxd5 Ne5 15. Nxe5 Bxe5 16. Bxe5 dxe5 17. Qc3 axb4 18. axb4 Rxa1 19. Rxa1 Qd6 20. Ra8 Bf5 21. Rxf8+ Kxf8 22. Qc4 h5 23. h3 Kg7 24. e4 Bd7 25. Qc3 f6 26. Kf1 h4 27. Ke1 Kf7 28. Qc5 Ke8 29. Bb5 Qxc5 30. Bxd7+ Kxd7 31. bxc5 b6 32. cxb6 Kc8 33. Ke2 Kb7 34. Kf3 Kxb6 35. Kg4 g5 36. g3 hxg3 37. fxg3 Kc5 38. h4 gxh4 39. gxh4 Kd4 40. Kf5 1-0


[Site "https://www.chess.com"]

[Event "Titled Tuesday Blitz November 07 Early 2023"]
[White "Thomforde-Toates, Noah"]
[Black "Pendos666"]
[WhiteFideId "30951992"]
[WhiteElo "2644"]
[BlackElo "2833"]
[Result "1-0"]
[Round "6"]
[TimeControl "180+1"]
[Date "2023.11.07"]
[WhiteClock "0:00:28"]
[BlackClock "0:00:15"]
[Board "48"]

1. d4 Nf6 2. Nc3 d5 3. Bf4 a6 4. e3 b5 5. Bd3 Bb7 6. Nf3 Nbd7 7. O-O e6 8. Ne5 Be7 9. Bg3 c5 10. dxc5 Nxc5 11. Ne2 Nfe4 12. Nd4 O-O 13. Nec6 Qd7 14. Ne5 Qc8 15. Qg4 f5 16. Qh5 Nxg3 17. hxg3 Bf6 18. Ndf3 Qe8 19. Qh3 Rc8 20. g4 g6 21. gxf5 exf5 22. Qh2 Qe7 23. Be2 Rce8 24. Nd3 Ne4 25. c3 Kh8 26. Nd4 Bc8 27. Rad1 g5 28. Rfe1 Bg7 29. f4 gxf4 30. exf4 Bxd4+ 31. cxd4 Rg8 32. Ne5 Rg7 33. Bf3 Reg8 34. Re2 a5 35. Rc2 Bd7 36. Rc7 Qd6 37. Rdc1 Qb4 38. Qh6 Qxd4+ 39. Kh2 Rxg2+ 40. Bxg2 Rxg2+ 41. Kh1 Rg7 42. Rc8+ Bxc8 43. Rxc8+ Rg8 44. Ng6# 1-0


[Site "https://www.chess.com"]

[Event "Titled Tuesday Blitz November 07 Early 2023"]
[White "GatoRojo150"]
[Black "Mikhailovsky, Vladimir"]
[BlackFideId "34105414"]
[WhiteElo "2604"]
[BlackElo "2828"]
[Result "0-1"]
[Round "6"]
[TimeControl "180+1"]
[Date "2023.11.07"]
[WhiteClock "0:00:01"]
[BlackClock "0:00:05"]
[Board "49"]

1. e4 c5 2. Nf3 e6 3. Nc3 a6 4. d4 cxd4 5. Nxd4 Nc6 6. Bf4 d6 7. Nxc6 bxc6 8. Qd2 e5 9. Bg5 Qb6 10. Bc4 Be6 11. Bb3 Nf6 12. O-O Be7 13. Bxf6 gxf6 14. Qh6 Kd7 15. Rad1 Rag8 16. Rd3 Rg6 17. Qh5 Bg4 18. Qh4 f5 19. Na4 Qa7 20. Qg3 f4 21. Rxd6+ Bxd6 22. Qd3 Ke7 23. Kh1 Rhg8 24. f3 Bh3 25. g4 fxg3 26. hxg3 Rxg3 27. Qc4 Be6 28. Qe2 Rh3+ 29. Qh2 Rxh2+ 30. Kxh2 Qe3 31. Bxe6 fxe6 32. Nc5 Qh6# 0-1


[Site "https://www.chess.com"]

[Event "Titled Tuesday Blitz November 07 Early 2023"]
[White "Molina, Roberto Junio Brito"]
[Black "Demin, Vladimir"]
[WhiteFideId "2109450"]
[BlackFideId "4167457"]
[WhiteElo "2799"]
[BlackElo "2563"]
[Result "1-0"]
[Round "6"]
[TimeControl "180+1"]
[Date "2023.11.07"]
[WhiteClock "0:00:22"]
[BlackClock "0:01:28"]
[Board "50"]

1. d4 Nf6 2. Nf3 d5 3. e3 c5 4. c3 Nc6 5. Nbd2 e6 6. Bd3 Be7 7. O-O O-O 8. dxc5 Bxc5 9. e4 dxe4 10. Nxe4 Nxe4 11. Bxe4 Qc7 12. Qe2 Ne7 13. Be3 Bxe3 14. Qxe3 Ng6 15. Rfd1 f5 16. Bc2 e5 17. Bb3+ Kh8 18. Ng5 h6 19. Nf3 f4 20. Qe4 Bf5 21. Qc4 Qe7 22. Re1 e4 23. Nd4 Bd7 24. Ne6 Bxe6 25. Qxe6 Qxe6 26. Bxe6 Rae8 27. Rxe4 f3 28. g3 Re7 29. Rae1 Rd8 30. h4 Rd2 31. Bb3 Rxe4 32. Rxe4 Rxb2 33. Re8+ Kh7 34. h5 Nh8 35. Bg8# 1-0


[Site "https://www.chess.com"]

[Event "Titled Tuesday Blitz November 07 Early 2023"]
[White "Yeremyan_ChessMate"]
[Black "Tikhonov, Viacheslav"]
[BlackFideId "44196407"]
[WhiteElo "2784"]
[BlackElo "2549"]
[Result "0-1"]
[Round "6"]
[TimeControl "180+1"]
[Date "2023.11.07"]
[WhiteClock "0:00:00"]
[BlackClock "0:01:07"]
[Board "51"]

1. e4 c5 2. Nc3 Nc6 3. Bb5 Nd4 4. Bc4 e6 5. Nge2 Nxe2 6. Qxe2 Ne7 7. d3 Nc6 8. O-O Be7 9. f4 O-O 10. f5 Bf6 11. Be3 Nd4 12. Qf2 Rb8 13. Bf4 d6 14. a4 b6 15. Rac1 a6 16. Kh1 b5 17. axb5 axb5 18. Ba2 b4 19. Ne2 Nxc2 20. fxe6 fxe6 21. Rxc2 b3 22. Bxb3 Rxb3 23. d4 cxd4 24. Nxd4 Rb7 25. Be3 Rbf7 26. Qe1 Ba6 27. Nxe6 Qe7 28. Nxf8 Bxf1 29. Qxf1 Bd4 30. Rf2 Bxe3 31. Rxf7 Qxf7 32. Qxf7+ Kxf7 33. Nd7 Ba7 34. e5 Ke7 35. e6 h6 36. g4 Kxe6 37. Nf8+ Kf7 38. Nd7 Ke7 0-1


[Site "https://www.chess.com"]